 Dungeon Crawl Stone Soup version 0.23.2-1-ga50397a6bc (webtiles) character file.

Game seed: 7058111666154200714

1758 Ethylacetat the Carver (level 9, -5/86 HPs)
             Began as a Naga Monk on Apr 29, 2019.
             Was a Believer of Cheibriados.
             Slain by a hog (8 damage)
             ... on level 7 of the Dungeon.
             The game lasted 00:17:09 (6787 turns).

Ethylacetat the Carver (Naga Monk)                  Turns: 6787, Time: 00:17:09

Health: -5/86      AC:  9    Str: 17    XL:     9   Next: 6%
Magic:  9/9        EV: 10    Int: 15    God:    Cheibriados [**....]
Gold:   447        SH:  0    Dex: 21    Spells: 8/8 levels left

rFire    . . .     SeeInvis +   w - +2 short sword (venom)
rCold    + . .     Gourm    .   (no shield)
rNeg     . . .     Faith    .   d - +3 ring mail {rC+}
rPois    +         Spirit   .   h - +0 helmet
rElec    .         Reflect  .   (no cloak)
rCorr    .         Harm     .   (no gloves)
MR       +....                  (no barding)
Stlth    +++.......             (no amulet)
HPRegen  0.24/turn              r - ring of wizardry
MPRegen  0.11/turn              B - ring of stealth

@: very slow
A: large, see invisible, deformed body, poison resistance, slowness 2, slow
metabolism 1, spit poison 1, AC +3
a: Spit Poison, Bend Time, Renounce Religion


You were on level 7 of the Dungeon.
You worshipped Cheibriados.
Cheibriados was pleased with you.
You were not hungry.

You visited 2 branches of the dungeon, and saw 8 of its levels.

You collected 447 gold pieces.

Inventory:

Hand Weapons
 a - a +0 falchion
 w - a +2 short sword of venom (weapon)
Missiles
 s - 94 arrows
Armour
 d - a +3 ring mail of cold resistance (worn)
 h - a +0 helmet (worn)
Jewellery
 r - a ring of wizardry (left hand)
 B - a ring of stealth (right hand)
Wands
 o - a wand of random effects (34)
 p - a wand of flame (20)
 x - a wand of paralysis (10)
 y - a wand of clouds (3)
 A - a wand of enslavement (7)
Scrolls
 e - 2 scrolls of enchant armour
 f - 2 scrolls of blinking
 g - 6 scrolls of identify
 l - 3 scrolls of remove curse
 n - 2 scrolls of enchant weapon {unknown}
 q - a scroll of fog {unknown}
 t - a scroll of fear {unknown}
 v - a scroll of teleportation {unknown}
 F - a scroll of silence {unknown}
Potions
 b - a potion of degeneration {unknown}
 i - 3 potions of curing
 j - 2 potions of might {unknown}
 k - 2 potions of lignification {unknown}
 m - 4 potions of heal wounds
 u - a potion of magic {unknown}
 z - a potion of invisibility {unknown}
 C - a potion of brilliance {unknown}
 E - a potion of haste {unknown}
Comestibles
 c - 14 rations
 D - a chunk of flesh


   Skills:
 + Level 7.1 Fighting
 * Level 9.7 Long Blades
 - Level 2.4 Dodging
 - Level 3.0 Stealth
 + Level 1.1 Invocations


You had 8 spell levels left.
You didn't know any spells.
Your spell library contained the following spells:

 Spells                   Type           Power        Failure   Level  Hunger
 Corona                   Hex            #......      21%         1    ##.....
 Ensorcelled Hibernation  Hex/Ice        #.....       28%         2    ###....
 Confuse                  Hex            #.......     50%         3    ####...
 Dazzling Spray           Conj/Hex       #.....       50%         3    ####...
 Tukima's Dance           Hex            #.......     50%         3    ####...


Dungeon Overview and Level Annotations

Branches:
Dungeon (7/15)             Temple (1/1) D:7

Altars:
Ashenzari
Cheibriados
Dithmenos
Elyvilon
Gozag
Hepliaklqana
Makhleb
Nemelex Xobeh
Qazlal
Ru
Sif Muna
Trog
Uskayaw
Vehumet
Wu Jian
Xom
Yredelemnul
The Shining One


Innate Abilities, Weirdness & Mutations

You cannot wear boots.
Your serpentine skin is tough. (AC +3)
You have supernaturally acute eyesight. (SInv)
Armour fits poorly on your strangely shaped body.
Your system is resistant to poisons. (rPois)
You cover ground very slowly.
You have a slow metabolism.
You can spit poison.


Message History

* * * LOW HITPOINT WARNING * * *
The hog bites you but does no damage.
The hog bites you but does no damage. x2
The hog bites you.
* * * LOW HITPOINT WARNING * * *
The hog bites you.
* * * LOW HITPOINT WARNING * * *
The hog bites you.
* * * LOW HITPOINT WARNING * * *
The hog looks more healthy.
The hog bites you but does no damage. The hog barely misses you.
The hog bites you but does no damage. The hog bites you!
* * * LOW HITPOINT WARNING * * *
The hog bites you but does no damage. The hog bites you but does no damage.
The hog bites you.
* * * LOW HITPOINT WARNING * * *
The hog bites you!
* * * LOW HITPOINT WARNING * * *
The hog bites you!
You die...

#%....#.p# # ###'###..# .. #
#.....#.## #.# # #.....#..## #..
# ########..### #.# # #......#
#.# # #......### #.# #
#.#######h.......###.###
.......@hh..รท....+.....'
#....####p###'######.### #....#
###.....# #.# #
#....######.###.####.# #
#....+....'.#>#.''...#
##########....######.#'#.########
..............+ #.....# ..
##...#####....# ###'#### #...##
#....# ####..#..#######


You could see 3 hogs and a human.

Vanquished Creatures
  Pikel (D:4)
  A hog (D:7)
  Edmund (D:6)
  A phantom (D:4)
  A bullfrog (D:7)
  3 scorpions
  An electric eel (D:6)
  3 crimson imps
  A quasit (D:6)
  A hound (D:4)
  A bullfrog zombie (D:5)
  2 bullfrog skeletons
  Ijyb (D:3)
  An iguana (D:7)
  6 worker ants
  A killer bee zombie (D:5)
  Robin (D:2)
  A howler monkey zombie (D:6)
  11 adders
  3 shadow imps
  An adder skeleton (D:4)
  A worm (D:4)
  A dart slug (D:1)
  8 leopard geckos
  7 orcs
  3 ball pythons
  7 giant cockroaches
  12 goblins
  14 hobgoblins
  9 jackals
  4 kobolds
  4 quokkas
  A ball python skeleton (D:4)
  9 bats
  5 frilled lizards
  A quokka skeleton (D:4)
  2 quokka zombies
  10 rats
141 creatures vanquished.

Vanquished Creatures (others)
  A hound (D:4)
  An orc wizard (D:4)
  An adder (D:4)
  2 orcs (D:4)
  A giant cockroach (D:4)
6 creatures vanquished.

Grand Total: 147 creatures vanquished

Notes
Turn   | Place    | Note
-------+----------+-------------------------------------------
     0 | D:1      | Ethylacetat the Naga Monk began the quest for the Orb.
     0 | D:1      | Reached XP level 1. HP: 21/21 MP: 1/1
   137 | D:1      | Reached XP level 2. HP: 27/28 MP: 2/2
   466 | D:1      | Reached XP level 3. HP: 34/34 MP: 3/3
   554 | D:2      | Reached skill level 4 in Long Blades
   701 | D:2      | Reached XP level 4. HP: 40/44 MP: 4/4
   898 | D:2      | Found a basalt altar of Yredelemnul.
   983 | D:2      | Noticed Robin
  1008 | D:2      | Killed Robin
  1018 | D:2      | Reached XP level 5. HP: 44/50 MP: 5/5
  1134 | D:2      | Reached skill level 5 in Long Blades
  1387 | D:3      | Found a hazy altar of Hepliaklqana.
  1652 | D:3      | Noticed Ijyb
  1678 | D:3      | Killed Ijyb
  1773 | D:3      | Found a glowing golden altar of the Shining One.
  2036 | D:4      | Reached XP level 6. HP: 55/58 MP: 6/6
  2117 | D:4      | Found a burning altar of Makhleb.
  2120 | D:4      | Noticed a phantom
  2501 | D:4      | Found a sparkling altar of Nemelex Xobeh.
  2535 | D:4      | Killed a phantom
  2535 | D:4      | Reached skill level 6 in Long Blades
  2818 | D:4      | Noticed a slave
  2819 | D:4      | Noticed a slave
  2819 | D:4      | Noticed Pikel
  2820 | D:4      | Noticed a slave
  2830 | D:4      | Noticed a slave
  2870 | D:4      | Killed Pikel
  2870 | D:4      | Reached skill level 5 in Fighting
  2870 | D:4      | Reached skill level 7 in Long Blades
  2870 | D:4      | Reached XP level 7. HP: 6/68 MP: 7/7
  3697 | D:5      | Entered Level 5 of the Dungeon
  3943 | D:5      | Reached XP level 8. HP: 70/76 MP: 8/8
  4084 | D:5      | Reached skill level 8 in Long Blades
  4091 | D:5      | Noticed a +0 dagger
  4094 | D:5      | Found a hide-covered altar of Uskayaw.
  4095 | D:5      | Noticed a +0 dagger
  4397 | D:5      | Found a shattered altar of Ashenzari.
  4961 | D:6      | Noticed Edmund
  4978 | D:6      | Killed Edmund
  5507 | D:6      | Reached skill level 9 in Long Blades
  6383 | D:7      | Found a staircase to the Ecumenical Temple.
  6398 | Temple   | Entered the Ecumenical Temple
  6611 | Temple   | Became a worshipper of Cheibriados the Contemplative
  6611 | Temple   | Reached * piety under Cheibriados
  6611 | Temple   | Reached ** piety under Cheibriados
  6770 | D:7      | Reached skill level 1 in Invocations
  6770 | D:7      | Reached XP level 9. HP: 83/86 MP: 9/9
  6786 | D:7      | HP: 2/86 [hog (9)]
  6787 | D:7      | Slain by a hog

Skill      XL: |  1  2  3  4  5  6  7  8 |
---------------+-------------------------+-----
Long Blades    | 4 5 7 9 |  9.7
Fighting       | 4 5 7 |  7.1
Invocations    | 1 |  1.1
Dodging        | |  2.4
Stealth        | |  3.0

Action                   |  1- 3 |  4- 6 |  7- 9 || total
-------------------------+-------+-------+-------++-------
Melee: Falchion          |    78 |   342 |    49 ||   469
       Short sword       |       |       |   177 ||   177
 Abil: Spit Poison       |    10 |    31 |    11 ||    52
  Use: Scroll            |     4 |     1 |       ||     5
       Potion            |       |     1 |       ||     1
 Stab: Sleeping          |     2 |     3 |     2 ||     7
       Distracted        |       |       |     1 ||     1
  Eat: Chunk             |       |     6 |    10 ||    16
       Ration            |       |     1 |       ||     1
Armor: Ring mail         |    54 |   143 |   107 ||   304
Dodge: Dodged            |    47 |   150 |   116 ||   313
       Rpst.: Falchion   |     8 |    37 |    10 ||    55
